AoeStats
← Tiny7192

Black Forest

510505334Analyzed
2v2 RM · 21h ago on Oct 1, 2026· 49m 13s· 4 players
Game mode
Random Map
Map size
Medium (4 player)
Population
200
Speed
Normal
Resources
Standard
Victory
Conquest
Starting age
Dark Age
Ending age
Imperial Age
RankedLock teamsTeams togetherTeam positionsShared explorationLock speedFull tech treeHidden civsTurbo modeCheats
Victory
Defeat
🇨🇳 Malay · China
809
+19
🇨🇳 Britons · China
777
+48
🇦🇺 Mongols · Australia
876
-20
🇭🇰 Franks · Hong Kong SAR China
861
-19
Tiny7192
0:29 Loom
15:11 Feudal Age
16:30 Double-Bit Axe
19:25 Fishing Lines
22:12 Castle Age
23:01 Husbandry
23:09 Gold Mining
25:03 Bow Saw
26:36 Gold Shaft Mining
26:22 Horse Collar
28:50 Gillnets
29:12 Stone Mining
30:17 Scale Barding Armor
30:25 Forging
31:04 Stone Shaft Mining
30:19 Town Watch
31:10 Wheelbarrow
31:02 Heavy Plow
31:45 Iron Casting
34:53 Imperial Age
32:58 Fletching
33:32 Hand Cart
33:21 Town Patrol
35:24 Blast Furnace
34:39 Siege Engineers
35:14 Bodkin Arrow
36:33 Conscription
35:37 Elite Battle Elephant
36:46 Ballistics
36:38 Masonry
36:53 Caravan
36:56 Bracer
38:23 Murder Holes
38:13 Treadmill Crane
40:31 Crop Rotation
44:52 Light Cavalry
44:56 Elite Karambit Warrior
马勊
4:11 Loom
5:56 Loom
12:56 Feudal Age
13:58 Feudal Age
15:48 Double-Bit Axe
15:48 Horse Collar
15:52 Fishing Lines
16:08 Gold Mining
17:14 Wheelbarrow
19:18 Castle Age
23:17 Bow Saw
23:31 Gillnets
24:13 Stone Mining
26:21 Hand Cart
29:02 Town Watch
30:26 Padded Archer Armor
30:16 Fletching
30:54 Heavy Plow
31:32 Gold Shaft Mining
33:05 Town Patrol
33:37 Leather Archer Armor
33:17 Bodkin Arrow
34:12 Yeomen
36:58 Imperial Age
37:09 Pikeman
37:49 Squires
37:35 Arson
38:32 Ring Archer Armor
38:02 Bracer
38:09 Warwolf
38:37 Ballistics
39:18 Chemistry
37:59 Treadmill Crane
38:10 Heated Shot
38:30 Masonry
38:18 Halberdier
39:54 Crossbowman
39:55 Elite Skirmisher
41:41 Siege Engineers
41:31 Murder Holes
41:47 Fortified Wall
43:27 Conscription
42:37 Sappers
44:07 Scale Mail Armor
44:17 Forging
43:35 Arbalester
45:43 Elite Longbowman
46:59 Hoardings
48:42 Caravan
49:13 Coinage
48:53 Guilds
l3ol3
13:24 Feudal Age
17:27 Castle Age
21:20 Double-Bit Axe
31:18 Imperial Age
29:31 Wheelbarrow
29:44 Forging
29:34 Scale Mail Armor
29:39 Scale Barding Armor
30:50 Ballistics
30:25 Gold Mining
30:01 Elite Skirmisher
31:25 Hand Cart
30:47 Pikeman
32:05 Bow Saw
32:37 Iron Casting
32:17 Chain Mail Armor
32:22 Chain Barding Armor
33:04 Chemistry
32:54 Conscription
33:52 Husbandry
35:06 Gold Shaft Mining
33:59 Cavalier
36:02 Paladin
37:46 Blast Furnace
37:16 Plate Mail Armor
37:21 Plate Barding Armor
41:48 Chivalry
41:25 Heavy Scorpion
GaryNGB
11:26 Feudal Age
13:38 Feudal Age
15:15 Wheelbarrow
14:45 Double-Bit Axe
17:13 Castle Age
15:09 Horse Collar
16:58 Gold Mining
17:39 Stone Mining
18:56 Bow Saw
19:25 Heavy Plow
24:52 Stone Shaft Mining
27:00 Gold Shaft Mining
27:42 Hand Cart
28:35 Loom
32:33 Imperial Age
30:52 Fletching
31:08 Scale Barding Armor
31:54 Forging
31:42 Bodkin Arrow
32:09 Ballistics
32:18 Nomads
31:48 Elite Skirmisher
32:52 Capped Ram
34:44 Chemistry
33:52 Caravan
34:45 Conscription
33:48 Siege Ram
34:21 Town Watch
35:04 Drill
35:14 Chain Barding Armor
35:29 Iron Casting
35:46 Town Patrol
37:30 Coinage
37:43 Bracer
38:43 Blast Furnace
37:58 Siege Engineers
38:42 Elite Mangudai
40:00 Hoardings
40:16 Masonry
40:11 Onager
46:35 Pikeman
Connection lost

Rejoining the realm…

Still unreachable

The connection could not be restored.

Session expired

The server has moved on; the page needs a fresh start.